 Dungeon Crawl Stone Soup version 0.28-a0-1032-ga8db75c868 (webtiles) character file.

Game seed: 4908765096906522100

38 MacCMillion the Chiller (level 3, 24/24 HPs)
             Began as a Merfolk Ice Elementalist on Dec 7, 2021.
             Was a Believer of Lugonu.
             Quit the game on level 2 of the Dungeon on Dec 8, 2021.
             The game lasted 00:03:01 (1493 turns).

MacCMillion the Chiller (Merfolk Ice Elementalist)  Turns: 1493, Time: 00:03:01

Health: 24/24      AC:  2    Str:  8    XL:     3   Next: 43%
Magic:  6/6        EV: 12    Int: 16    God:    Lugonu [**....]
Gold:   36         SH:  0    Dex: 14    Spells: 5/6 levels left

rFire   . . .      SeeInvis .   c - +0 dagger
rCold   . . .      Faith    .   (no shield)
rNeg    . . .      Spirit   .   a - +0 robe
rPois   .          Reflect  .   (no helmet)
rElec   .          Harm     .   d - scarf {shadows}
rCorr   .          Rampage  .   (no gloves)
Will    .....                   (no boots)
Stlth   ++........              (no amulet)
HPRegen 0.08/turn               (no ring)
MPRegen 0.10/turn               (no ring)

@: no status effects
A: (nimble swimmer 2), mertail
a: Renounce Religion, Depart the Abyss, Bend Space


You were on level 2 of the Dungeon.
You worshipped Lugonu.
Lugonu was pleased with you.
You visited 1 branch of the dungeon, and saw 2 of its levels.

You collected 36 gold pieces.

Inventory:

Hand Weapons
 c - a +0 dagger (weapon)
Armour
 a - a +0 robe (worn)
 d - a scarf of shadows (worn)
Scrolls
 b - 2 scrolls of immolation {unknown}
 e - a scroll of magic mapping {unknown}
Potions
 f - 2 potions of lignification {unknown}


   Skills:
 - Level 2.7 Dodging
 - Level 3.0 Stealth
 - Level 2.1 Spellcasting
 + Level 5.2 Ice Magic


You had 5 spell levels left.
You knew the following spells:

 Your Spells              Type           Power      Damage    Failure   Level
a - Freeze                Ice            72%        1d9       2%          1

Your spell library contained the following spells:

 Spells                   Type           Power      Damage    Failure   Level
 Frozen Ramparts          Ice            36%        1d5       7%          3
 Ozocubu's Armour         Ice            18%        N/A       7%          3
 Call Canine Familiar     Summ           1%         N/A       52%         3
 Portal Projectile        Hex/Tloc       2%         N/A       52%         3
 Hailstorm                Conj/Ice       10%        3d5       56%         4
 Leda's Liquefaction      Hex/Erth       0%         N/A       90%         4


Dungeon Overview and Level Annotations

Branches:
Dungeon (2/15)

Altars:
Lugonu


Innate Abilities, Weirdness & Mutations

((You are quick and stealthy near water. (Stealth+, EV+, Speed+++)))
Your lower body shifts to a powerful aquatic tail in water.


Message History

You hit the bat.
You kill the bat!
The bat closely misses you.
You freeze the bat!
You kill the bat!
No target in view!
An adder comes into view.
The adder hisses angrily.
The adder bites you.
You are poisoned.
The adder poisons you!
You freeze the adder.
The adder is moderately wounded.
The adder seems to slow down.
You feel sick. The adder closely misses you.
You freeze the adder!
The adder is almost dead.
The adder seems to slow down.
You feel sick.
You freeze the adder.
You kill the adder!
You feel sick.
Training target 3.0 for Stealth reached!
Your Stealth skill increases to level 3!
You feel sick.
You are no longer poisoned.
Found a faded altar of an unknown god.
Found a spear.
There is a faded altar of an unknown god here.
You cannot tell which god this altar belongs to.
Convert to them anyway? [Y]es or [N]o only, please.
You cannot tell which god this altar belongs to.
Convert to them anyway?
Okay, then.
You cannot tell which god this altar belongs to.
Convert to them anyway?
Lugonu accepts your prayer! Lugonu welcomes you!
You can now depart the Abyss.
You can now bend space around yourself.
Okay, then.
Welcome back, MacCMillion the Merfolk Ice Elementalist.
Lugonu says: Spread carnage and corruption!
Press ? for a list of commands and other information.
Are you sure you want to abandon this character and quit the game? (Confirm with "yes".)

...........♣♣..#
...........♣.♣.#
.........#♣♣.♣#♣ ♣♣.
...####..♣♣.♣♣ ...
...####..♣..♣♣♣♣.♣
...#....♣8.....♣
#.#....♣_..∩.♣♣♣
+......♣8......♣♣♣...
##.##..♣..♣♣♣♣@....♣
#.##..♣.).♣..♣♣♣♣♣♣
#..#..♣♣..♣♣.
##.#...♣♣..♣. #.#####
♣♣.. #..##### .#
##.#...# #. #.....#
##....#


There were no monsters in sight!

Vanquished Creatures
  An adder (D:2)
  A worm (D:2)
  A dart slug (D:1)
  A ball python (D:2)
  4 bats
  3 endoplasms (D:1)
  6 hobgoblins (D:1)
  A quokka (D:1)
  A frilled lizard (D:1)
  2 kobolds
  2 rats (D:1)
23 creatures vanquished.

Notes
Turn   | Place    | Note
-------+----------+-------------------------------------------
     0 | D:1      | MacCMillion the Merfolk Ice Elementalist began the quest
                  | for the Orb.
     0 | D:1      | Reached XP level 1. HP: 13/13 MP: 3/3
   428 | D:1      | Reached XP level 2. HP: 16/19 MP: 3/5
   999 | D:1      | Reached skill level 5 in Ice Magic
  1281 | D:2      | Reached XP level 3. HP: 24/24 MP: 4/6
  1477 | D:2      | Found a faded altar of an unknown god.
  1486 | D:2      | Prayed at the altar of an unknown god.
  1486 | D:2      | Became a worshipper of Lugonu the Unformed
  1486 | D:2      | Reached * piety under Lugonu
  1486 | D:2      | Reached ** piety under Lugonu
  1493 | D:2      | Quit the game

Illustrated notes

Levels and vault maps discovered:
D:1:      matt_arrival_grand_opening, layout_loops_corners,
          hangedman_decor_peaks_small
D:2:      layout_basic, shapermc_ecumenical_altar_totnotflames, serial_curves,
          eino_curves_02, eino_curves_02, lemuel_flame_loot_1

Skill      XL: |  1  2  3 |
---------------+----------+-----
Ice Magic      | 5 |  5.2
Stealth        | 3 |  3.0
Dodging        | |  2.7
Spellcasting   | |  2.1

Action                   || total
-------------------------++-------
Melee: Dagger            ||     5
 Cast: Freeze            ||    34
 Stab: Sleeping          ||     1
Armor: Robe              ||     6
Dodge: Dodged            ||    16

Table legend: (Time is in decaauts)
 A = Elapsed time spent in this place.
 B = Non-inter-level travel time spent in this place.
 C = Inter-level travel time spent in this place.
 D = Time resting spent in this place.
 E = Time spent auto-exploring this place.
 F = Levels seen in this place.
 G = Mean time per level.
                   A        B        C        D        E       F      G
               +--------+--------+--------+--------+--------+-----+--------+
         Total |   1492 |   1396 |     96 |    134 |   1098 |   2 |  746.0 |
       Dungeon |   1492 |   1396 |     96 |    134 |   1098 |   2 |  746.0 |
               +--------+--------+--------+--------+--------+-----+--------+

Top non-repeatable levels by time:
     D:1: 1254 daAuts
     D:2: 237 daAuts
